[Event "Titled Tuesday Blitz April 11 Early 2023"]
[White "Kumala, Aleksander"]
[Black "Garrido, Denis"]
[WhiteFideId "1141880"]
[BlackFideId "601217"]
[WhiteElo "2269"]
[BlackElo "2325"]
[Result "1-0"]
[Round "02"]
[TimeControl "180+2"]
[Date "2023.04.11"]
[WhiteClock "0:00:09"]
[BlackClock "0:00:02"]

1. d4 Nf6 2. Bg5 d5 3. Bxf6 exf6 4. e3 Be6 5. Bd3 c6 6. Nd2 Bd6 7. Qf3 Nd7 8. Ne2 O-O 9. g4 Re8 10. h4 c5 11. c3 c4 12. Bc2 b5 13. g5 b4 14. Nf4 bxc3 15. bxc3 Bxf4 16. Qxf4 Rb8 17. gxf6 Qxf6 18. Qg5 Rb2 19. Qxf6 Nxf6 20. Kd1 Ng4 21. Kc1 Reb8 22. Rf1 h5 23. e4 a5 24. Rb1 Rxb1+ 25. Bxb1 a4 26. a3 dxe4 27. Bxe4 Nf6 28. Bc2 Nd5 29. Nb1 Bd7 30. Re1 Kf8 31. Kd2 Rb2 32. Kc1 Rb8 33. Be4 Nf4 34. Re3 Re8 35. Nd2 g6 36. Nxc4 Rc8 37. Nb6 Rc7 38. Nxd7+ Rxd7 39. Kd2 Ne6 40. Bc2 Ke7 41. Bxa4 Ra7 42. Bc2 Kd6 43. Rf3 f5 44. Rg3 Nf8 45. c4 Ke7 46. c5 Rd7 47. Re3+ Kf6 48. Kc3 Ne6 49. Rxe6+ Kxe6 50. Bb3+ Kf6 51. d5 Ke5 52. c6 Rc7 53. Kc4 Kd6 54. Kb5 g5 55. hxg5 h4 56. Bc2 Kxd5 57. Bxf5 Rxc6 58. Be4+ Kxe4 59. Kxc6 h3 60. g6 h2 61. g7 h1=Q 62. g8=Q Qc1+ 63. Kd7 Qd2+ 64. Ke8 Qa5 65. Qe6+ Kd3 66. Qe3+ Kc2 67. Qe2+ Kb3 68. Qe3+ Kc2 69. f4 Qa8+ 70. Kf7 Qb7+ 71. Kf6 Qc6+ 72. Kf5 Qd7+ 73. Qe6 Qb5+ 74. Kf6 Qa4 75. Qf5+ Kb2 76. Qe5+ Kc1 77. f5 Qxa3 78. Qe6 Qc3+ 79. Kf7 Qc7+ 80. Qe7 Qc4+ 81. Kg6 Qg4+ 82. Kf6 Kd2 83. Qd6+ Kc3 84. Qe5+ Kb4 85. Ke7 Qd1 86. f6 Qa1 87. Qxa1 1-0


[Site "https://www.chess.com"]

[Event "Titled Tuesday Blitz April 11 Early 2023"]
[White "Kornyukov, Alexey"]
[Black "koncheto"]
[WhiteFideId "4150457"]
[WhiteElo "2352"]
[BlackElo "2536"]
[Result "0-1"]
[Round "02"]
[TimeControl "180+2"]
[Date "2023.04.11"]
[WhiteClock "0:00:08"]
[BlackClock "0:00:08"]

1. e4 d5 2. exd5 Qxd5 3. Nc3 Qa5 4. Nf3 c6 5. d4 Nf6 6. Bd2 Qc7 7. Bd3 Bg4 8. h3 Bh5 9. g4 Bg6 10. Ne5 e6 11. Bf4 Bd6 12. Nxg6 hxg6 13. Bxd6 Qxd6 14. Ne2 Nbd7 15. g5 Nd5 16. c4 Nf4 17. Nxf4 Qxf4 18. Qd2 Qxd4 19. O-O-O O-O-O 20. Bf1 Qxd2+ 21. Rxd2 Ne5 22. Be2 Rh4 23. b3 Rf4 24. Rxd8+ Kxd8 25. Rh2 a5 26. Kd2 Rf3 27. Kc2 Rf4 28. Kd2 c5 29. Ke3 Rf5 30. h4 Nc6 31. f4 e5 32. fxe5 Rxe5+ 33. Kd3 Nd4 34. Bg4 Re1 35. Kc3 Re3+ 36. Kd2 Rg3 37. Be2 Ke7 38. Kc1 Kd6 39. Kd2 Ke5 40. Rf2 f5 41. gxf6 gxf6 42. Rh2 Nxe2 43. Rxe2+ Kd6 44. Rf2 f5 45. Rh2 Ke6 46. Ke2 f4 47. h5 gxh5 48. Rxh5 Rg2+ 49. Kf3 Rxa2 50. Kxf4 Rb2 51. Rh6+ Kd7 52. Rh7+ Kc6 53. Rh6+ Kc7 54. Rh7+ Kb6 55. Rh6+ Ka7 56. Rh3 a4 57. bxa4 Rb4 58. Ke5 Rxc4 59. Ra3 Rd4 60. Rc3 Kb6 61. Ra3 Rd8 62. a5+ Kc6 63. a6 b5 64. a7 Ra8 65. Ke4 Kb6 66. Kd5 c4 67. Kd4 Rxa7 68. Rxa7 Kxa7 69. Kc3 Kb6 70. Kb4 Kc6 71. Kc3 Kc5 72. Kc2 b4 0-1


[Site "https://www.chess.com"]

[Event "Titled Tuesday Blitz April 11 Early 2023"]
[White "Kuzmin, Roman"]
[Black "Arat, Ufuk Sezen"]
[WhiteFideId "44134932"]
[BlackFideId "6309089"]
[WhiteElo "2192"]
[BlackElo "2289"]
[Result "0-1"]
[Round "02"]
[TimeControl "180+2"]
[Date "2023.04.11"]
[WhiteClock "0:00:25"]
[BlackClock "0:01:55"]

1. e4 c5 2. Nf3 e6 3. d4 cxd4 4. Nxd4 Nc6 5. Nc3 Qc7 6. Be3 a6 7. Qd2 b5 8. O-O-O Bb7 9. Nb3 Rc8 10. Bd3 Ne5 11. Rhe1 Nf6 12. Kb1 Be7 13. Bf4 d6 14. f3 O-O 15. Qf2 Nfd7 16. g4 b4 17. Ne2 a5 18. Ned4 Nxd3 19. cxd3 a4 20. Nd2 e5 21. Nf5 Nc5 22. Nxe7+ Qxe7 23. Be3 Nxd3 24. Qf1 Nxe1 25. Qxe1 d5 26. exd5 Bxd5 27. Nf1 Bxf3 28. Rd5 Bxd5 0-1


[Site "https://www.chess.com"]

[Event "Titled Tuesday Blitz April 11 Early 2023"]
[White "Jimenez Almeida, Luis David"]
[Black "Smith, Garrett L"]
[WhiteFideId "22242244"]
[BlackFideId "2024829"]
[WhiteElo "2245"]
[BlackElo "2319"]
[Result "1-0"]
[Round "02"]
[TimeControl "180+2"]
[Date "2023.04.11"]
[WhiteClock "0:00:59"]
[BlackClock "0:00:21"]

1. e4 c5 2. Nc3 Nc6 3. g3 g6 4. Bg2 Bg7 5. Nge2 e5 6. Nd5 Nge7 7. d3 O-O 8. O-O Nxd5 9. exd5 Ne7 10. a4 d6 11. Rb1 f5 12. f4 b6 13. fxe5 Bxe5 14. Bf4 Bb7 15. c4 Qd7 16. b3 Bf6 17. Qd2 a6 18. Bh6 Rf7 19. Nf4 b5 20. Ne6 Kh8 21. Kh1 Ng8 22. Bg5 Bxg5 23. Qxg5 Qe7 24. Qd2 Nf6 25. axb5 axb5 26. Rfe1 Qd7 27. Ra1 Rxa1 28. Rxa1 b4 29. Ra7 Qc8 30. d4 Qb8 31. Ra1 cxd4 32. Qxd4 Kg8 33. Qb6 Nd7 34. Qxb4 Re7 35. Qa5 Ne5 36. Qd8+ Qxd8 37. Nxd8 Kg7 38. Ra7 1-0


[Site "https://www.chess.com"]

[Event "Titled Tuesday Blitz April 11 Early 2023"]
[White "Dwilewicz, Katarzyna"]
[Black "Krishnan, Varun"]
[WhiteFideId "1148486"]
[BlackFideId "5054508"]
[WhiteElo "2065"]
[BlackElo "2532"]
[Result "1-0"]
[Round "02"]
[TimeControl "180+2"]
[Date "2023.04.11"]
[WhiteClock "0:00:13"]
[BlackClock "0:00:09"]

1. e4 e5 2. Nf3 Nc6 3. Bc4 Nf6 4. d3 Bc5 5. c3 O-O 6. O-O a6 7. Bb3 d6 8. h3 Ba7 9. Re1 Ne7 10. Nh4 Ng6 11. Nxg6 hxg6 12. Nd2 Be6 13. Nf1 d5 14. exd5 Nxd5 15. Qf3 Qd6 16. Ng3 Nf6 17. Bg5 Bxb3 18. axb3 Nd7 19. Rad1 f5 20. b4 a5 21. bxa5 Nc5 22. b4 Ne6 23. Bc1 b6 24. axb6 Bxb6 25. h4 Ra2 26. Rf1 Qe7 27. h5 e4 28. dxe4 fxe4 29. Qxe4 Bxf2+ 30. Kh2 Rf4 31. Rd8+ Qxd8 32. Qxe6+ Kh8 33. Bxf4 Qh4+ 34. Qh3 Qxf4 35. hxg6+ Kg8 36. Qc8+ Qf8 37. Qe6+ Kh8 38. Qh3+ Kg8 39. Qh7# 1-0


[Site "https://www.chess.com"]

[Event "Titled Tuesday Blitz April 11 Early 2023"]
[White "Omelja, Artem"]
[Black "Rian, Kapriaga"]
[WhiteFideId "14119846"]
[BlackFideId "7103263"]
[WhiteElo "2404"]
[BlackElo "2316"]
[Result "1-0"]
[Round "02"]
[TimeControl "180+2"]
[Date "2023.04.11"]
[WhiteClock "0:00:48"]
[BlackClock "0:00:01"]

1. d4 Nf6 2. c4 e6 3. Nc3 Bb4 4. Bd2 d5 5. e3 O-O 6. Nf3 c5 7. dxc5 Bxc5 8. a3 a5 9. Qc2 Nc6 10. Rd1 Qe7 11. Be2 dxc4 12. Bxc4 b6 13. O-O Bb7 14. Na4 Rac8 15. Nxc5 Qxc5 16. Bd3 Qxc2 17. Bxc2 Ne5 18. Nxe5 Rxc2 19. Bc3 Ne4 20. Bd4 Ba6 21. Rfe1 Nxf2 22. Rc1 Rxc1 23. Rxc1 Ne4 24. Bxb6 a4 25. h3 Rb8 26. Bd4 f6 27. Nc6 Re8 28. Bc3 e5 29. Bb4 Bb5 30. Ne7+ Kf7 31. Rc7 Ke6 32. g4 g6 33. Nc6 Bxc6 34. Rxc6+ Kf7 35. Rc7+ Ke6 36. Rxh7 Rc8 37. Re7+ Kd5 38. Rd7+ Ke6 39. Ra7 Rc2 40. Rxa4 Ng5 41. Ra6+ Kf7 42. Kf1 Nf3 43. Ra7+ Ke6 44. e4 f5 45. Ra6+ Kf7 46. gxf5 gxf5 47. exf5 e4 48. Re6 e3 49. Rxe3 Nh2+ 50. Ke1 Rxb2 51. Bd6 Ra2 52. Re2 Nf3+ 53. Kf2 Rxe2+ 54. Kxe2 Nd4+ 55. Kd3 Nxf5 56. Bc5 1-0


[Site "https://www.chess.com"]

[Event "Titled Tuesday Blitz April 11 Early 2023"]
[White "Vakhidov, Shahzod"]
[Black "Eggleston, Thomas A"]
[WhiteFideId "14205270"]
[BlackFideId "412139"]
[WhiteElo "2212"]
[BlackElo "2155"]
[Result "1-0"]
[Round "02"]
[TimeControl "180+2"]
[Date "2023.04.11"]
[WhiteClock "0:00:31"]
[BlackClock "0:01:03"]

1. d4 e6 2. Nf3 f5 3. g3 Nf6 4. Bg2 Be7 5. O-O O-O 6. c4 d6 7. Nc3 Ne4 8. Qc2 Nxc3 9. bxc3 Nc6 10. e4 e5 11. exf5 Bxf5 12. Qb3 Be4 13. c5+ Kh8 14. Ng5 Bxg2 15. Ne6 Qe8 16. Kxg2 exd4 17. Nxf8 Bxf8 18. cxd4 Nxd4 19. Qxb7 dxc5 20. Bf4 Rb8 21. Rae1 Rxb7 22. Rxe8 Kg8 23. Rc8 Ne6 24. Re1 Kf7 25. Be5 c4 26. Rc1 Bc5 27. Rxc4 Rb2 28. Bxb2 1-0


[Site "https://www.chess.com"]

[Event "Titled Tuesday Blitz April 11 Early 2023"]
[White "micke12a"]
[Black "Sreyas Payyappat"]
[BlackFideId "46674969"]
[WhiteElo "2315"]
[BlackElo "2083"]
[Result "1-0"]
[Round "02"]
[TimeControl "180+2"]
[Date "2023.04.11"]
[WhiteClock "0:00:47"]
[BlackClock "0:00:21"]

1. e4 c6 2. d4 d5 3. e5 Bf5 4. h4 Qc7 5. Bd3 Bxd3 6. Qxd3 e6 7. Ne2 c5 8. O-O Nc6 9. c3 Nge7 10. Bg5 h6 11. Bf4 Nf5 12. h5 Nfe7 13. Nd2 g5 14. hxg6 Nxg6 15. Bh2 Rg8 16. Kh1 O-O-O 17. f4 Nh4 18. Qh3 Be7 19. g4 Rg7 20. Bg3 Rdg8 21. Bxh4 Bxh4 22. Qxh4 Rxg4 23. Qh3 Qe7 24. Nf3 f5 25. exf6 Qxf6 26. Rg1 Qf5 27. Rxg4 Rxg4 28. Nh2 Qe4+ 29. Qf3 Qxf3+ 30. Nxf3 cxd4 31. cxd4 Kd8 32. Rg1 h5 33. Rxg4 hxg4 34. Ne5 Nb4 35. a3 Nc2 36. Nxg4 1-0


[Site "https://www.chess.com"]

[Event "Titled Tuesday Blitz April 11 Early 2023"]
[White "Forgacs, Attila Jr."]
[Black "Mikayel99"]
[WhiteFideId "773654"]
[WhiteElo "2168"]
[BlackElo "2314"]
[Result "1-0"]
[Round "02"]
[TimeControl "180+2"]
[Date "2023.04.11"]
[WhiteClock "0:00:04"]
[BlackClock "0:00:05"]

1. e4 c5 2. Nf3 d6 3. d4 cxd4 4. Nxd4 Nf6 5. Nc3 a6 6. f3 e5 7. Nb3 Be7 8. Be3 Be6 9. Qd2 h5 10. Nd5 Nxd5 11. exd5 Bf5 12. Be2 Bh4+ 13. g3 Be7 14. O-O O-O 15. c4 b6 16. f4 exf4 17. Rxf4 Bg6 18. Nd4 Re8 19. Rf2 Bf6 20. Bd3 Be4 21. Raf1 Bxd4 22. Bxd4 Ra7 23. Bc3 f6 24. Qc2 Bxd3 25. Qxd3 Nd7 26. Qg6 Nf8 27. Qxh5 Rae7 28. Bd4 Re4 29. Rf4 b5 30. cxb5 axb5 31. Qf3 Rxf4 32. Qxf4 Qe7 33. Bc3 Ng6 34. Qf3 Qf7 35. Re1 Rxe1+ 36. Bxe1 Ne7 37. Qd3 Qxd5 38. Qxd5+ Nxd5 39. Kf2 Kf7 40. b3 g5 41. a4 bxa4 42. bxa4 Ke6 43. a5 Nc7 44. Ke3 d5 45. h4 Kf5 46. h5 g4 47. Kd4 Kg5 48. Kc5 f5 49. Kd6 Na6 50. Kxd5 Kxh5 51. Kc6 Kg5 52. Bd2+ Kf6 53. Kb6 Nb8 54. a6 Ke5 55. Bf4+ 1-0


[Site "https://www.chess.com"]

[Event "Titled Tuesday Blitz April 11 Early 2023"]
[White "Dishman, Stephen"]
[Black "Kubicka, Anna"]
[WhiteFideId "403024"]
[BlackFideId "1152254"]
[WhiteElo "2204"]
[BlackElo "2144"]
[Result "0-1"]
[Round "02"]
[TimeControl "180+2"]
[Date "2023.04.11"]
[WhiteClock "0:00:02"]
[BlackClock "0:00:15"]

1. d4 Nf6 2. Bg5 c5 3. d5 e6 4. e4 h6 5. Bxf6 Qxf6 6. Nc3 d6 7. Bb5+ Bd7 8. Bxd7+ Nxd7 9. Nf3 Be7 10. O-O O-O 11. a4 a6 12. Re1 e5 13. Nd2 Qg6 14. Nc4 f5 15. exf5 Rxf5 16. f3 Raf8 17. Kh1 Rg5 18. Qe2 Rf4 19. Ne4 Rh5 20. Ne3 Nf6 21. Nxf6+ Bxf6 22. Ng4 Rg5 23. Ra3 h5 24. Nxf6+ gxf6 25. Rb3 Qg7 26. Rb6 Qc7 27. a5 h4 28. b3 Kh8 29. Qd3 f5 30. Qc3 Qg7 31. Re2 h3 32. g3 Rxg3 33. hxg3 Qxg3 34. Rxd6 Kh7 35. Rd7+ Kh6 36. Rd6+ Kh5 37. Qe3 e4 38. Qf2 Rxf3 39. Qxg3 Rxg3 40. Rf6 Kg5 41. Rf8 Rf3 42. d6 Rf1+ 43. Kh2 Rd1 44. Kxh3 Rxd6 45. Rg2+ Kf4 46. Rf2+ Ke3 47. R2xf5 Kd4 48. Re8 Rh6+ 49. Kg4 Rh2 50. Rfe5 Re2 51. Kf4 Rf2+ 52. Kg5 Rg2+ 53. Kf5 Rf2+ 54. Ke6 Rxc2 55. Rd8+ Ke3 56. Rdd5 c4 57. bxc4 Rxc4 58. Rc5 Rb4 59. Rc7 Kd3 60. Kf5 e3 61. Rce7 Rb5 62. Rxb5 axb5 63. Rxb7 e2 64. Re7 b4 0-1


[Site "https://www.chess.com"]

[Event "Titled Tuesday Blitz April 11 Early 2023"]
[White "egorchess95"]
[Black "Prudnykova, Olga"]
[BlackFideId "14121093"]
[WhiteElo "2526"]
[BlackElo "2113"]
[Result "1-0"]
[Round "02"]
[TimeControl "180+2"]
[Date "2023.04.11"]
[WhiteClock "0:02:27"]
[BlackClock "0:01:58"]

1. Nf3 Nf6 2. b3 g6 3. Bb2 Bg7 4. e3 O-O 5. Be2 d5 6. O-O b6 7. c4 Bb7 8. Nc3 c5 9. d4 Nbd7 10. Rc1 Rc8 11. Ne5 cxd4 12. exd4 dxc4 13. Bxc4 e6 14. Qe2 Qe7 15. Rfe1 Nxe5 16. dxe5 Nd7 17. Nb5 Rc7 18. Nxc7 1-0


[Site "https://www.chess.com"]

[Event "Titled Tuesday Blitz April 11 Early 2023"]
[White "a-z30"]
[Black "Francisco Guecamburu, Candela Be"]
[BlackFideId "160911"]
[WhiteElo "2304"]
[BlackElo "2326"]
[Result "0-1"]
[Round "02"]
[TimeControl "180+2"]
[Date "2023.04.11"]
[WhiteClock "0:00:02"]
[BlackClock "0:00:03"]

1. d3 d5 2. Nf3 c5 3. g3 Nc6 4. Bg2 g6 5. O-O Bg7 6. c4 e6 7. Nc3 Nge7 8. Bg5 h6 9. Bd2 O-O 10. Qc1 Kh7 11. h4 dxc4 12. dxc4 b6 13. Rd1 Nf5 14. h5 Qe7 15. hxg6+ fxg6 16. Ng5+ hxg5 17. Bxc6 Bb7 18. Bxg5 Qf7 19. Bxb7 Qxb7 20. Qf4 Nd4 21. Qh4+ Kg8 22. Rd2 Rae8 23. Ne4 Qf7 24. Be3 Nf5 25. Qf4 Bh6 26. Ng5 Qg7 27. Qg4 Nxe3 28. fxe3 Qe5 29. Nf3 Bxe3+ 30. Kg2 Qf5 31. Qxf5 exf5 32. Rd6 Kg7 33. Rad1 Rf7 34. Nh4 Bd4 35. Kf1 Rf6 36. Rxf6 Kxf6 37. Nf3 Bxb2 38. Rd7 Re7 39. Rd6+ Re6 40. Rd7 a6 41. Rb7 g5 42. Ne1 Bd4 43. Nd3 Rd6 44. a4 Re6 45. Ke1 Be5 46. Kf2 Bd4+ 47. Kf1 Kg6 48. Rb8 Kh5 49. Rb7 Kg4 50. Nf2+ Kxg3 51. Nh1+ Kg4 52. Nf2+ Bxf2 53. Kxf2 Kf4 54. Ra7 a5 55. Rd7 Ke4 56. Rd3 Ke5 57. Rd5+ Kf6 58. Rd7 Ke5 59. Rb7 Kd4 60. Rf7 f4 61. Rf5 Kxc4 62. Rxg5 Kb4 63. Rf5 Kxa4 64. Rxf4+ Kb5 65. e4 a4 66. Ke3 a3 67. Rf2 Ka4 68. Kd3 b5 69. Ke3 b4 70. Kd3 b3 71. Rf8 Rb6 72. Kc4 Ra6 0-1


[Site "https://www.chess.com"]

[Event "Titled Tuesday Blitz April 11 Early 2023"]
[White "Dobre, Claudiu-Cristian"]
[Black "Rose, Felix"]
[WhiteFideId "1211854"]
[BlackFideId "5105722"]
[WhiteElo "2207"]
[BlackElo "2039"]
[Result "1-0"]
[Round "02"]
[TimeControl "180+2"]
[Date "2023.04.11"]
[WhiteClock "0:00:09"]
[BlackClock "0:00:11"]

1. e4 e5 2. Nf3 Nc6 3. Bc4 Nf6 4. d3 Bc5 5. O-O d6 6. a4 a5 7. c3 Ba7 8. Na3 O-O 9. Nb5 Bb6 10. Be3 Bxe3 11. fxe3 Be6 12. Na3 Re8 13. Ng5 Bxc4 14. Nxc4 h6 15. Nf3 d5 16. exd5 Qxd5 17. Nh4 e4 18. Rf5 Qxd3 19. Qxd3 exd3 20. Rd1 Rad8 21. Nf3 b6 22. Nd4 Nxd4 23. exd4 Ng4 24. Rf3 d2 25. h3 Re1+ 26. Rf1 Rxf1+ 27. Kxf1 Nf6 28. Rxd2 Re8 29. Re2 Rxe2 30. Kxe2 Kf8 31. Ne5 Ke7 32. Kf3 Ke6 33. Kf4 Nd5+ 34. Ke4 Nf6+ 35. Kd3 Nd5 36. g3 f6 37. Nc6 Ne7 38. Na7 Kd6 39. Nb5+ Kc6 40. c4 Kd7 41. Nc3 c6 42. Ne4 Ke6 43. c5 Nc8 44. cxb6 Nxb6 45. Nc5+ Kd5 46. b3 f5 47. Nb7 g6 48. Nxa5 c5 49. dxc5 Kxc5 50. Nc4 Nd5 51. Ne5 g5 52. Nf7 f4 53. g4 Nb4+ 54. Ke4 Nc2 55. Nxh6 Kb4 56. Nf7 Kxb3 57. a5 Ne1 58. a6 f3 59. Ke3 f2 60. Kxf2 Nd3+ 61. Kg3 Nc5 62. a7 Ne4+ 63. Kh2 Nd6 64. a8=Q Nxf7 65. Qd5+ Kc3 66. Qxf7 Kd3 67. Qf5+ Ke3 68. Qxg5+ Kf3 69. Qf5+ 1-0


[Site "https://www.chess.com"]

[Event "Titled Tuesday Blitz April 11 Early 2023"]
[White "crosky"]
[Black "Urbina Perez, Juan Antonio"]
[BlackFideId "2217368"]
[WhiteElo "2302"]
[BlackElo "2197"]
[Result "1-0"]
[Round "02"]
[TimeControl "180+2"]
[Date "2023.04.11"]
[WhiteClock "0:01:30"]
[BlackClock "0:02:04"]

1. c4 e5 2. g3 c6 3. Nf3 e4 4. Nd4 d5 5. d3 exd3 6. Qxd3 Nf6 7. Bg2 Bb4+ 8. Nc3 c5 9. Nc2 Bxc3+ 10. Qxc3 d4 11. Qb3 O-O 12. Bg5 Nc6 13. O-O h6 14. Bf4 Na5 15. Qd3 Re8 16. b4 cxb4 17. Nxd4 Qc7 18. Bxc7 1-0


[Site "https://www.chess.com"]

[Event "Titled Tuesday Blitz April 11 Early 2023"]
[White "Karamsetty, Jeevan"]
[Black "Kula, Robert"]
[WhiteFideId "2025337"]
[BlackFideId "1101218"]
[WhiteElo "2111"]
[BlackElo "2180"]
[Result "1-0"]
[Round "02"]
[TimeControl "180+2"]
[Date "2023.04.11"]
[WhiteClock "0:00:25"]
[BlackClock "0:01:19"]

1. e4 c5 2. Nc3 Nc6 3. g3 e5 4. Bg2 d6 5. d3 g6 6. Nge2 Bg7 7. O-O Nge7 8. Be3 O-O 9. f4 f6 10. Qd2 Be6 11. Nd1 Qd7 12. Nf2 a6 13. h3 f5 14. c3 Rad8 15. Kh2 b5 16. b3 b4 17. c4 Nd4 18. Rad1 Nec6 19. exf5 Bxf5 20. Bxd4 exd4 21. g4 Be6 22. Ne4 Rde8 23. N2g3 h6 24. Rde1 Kh7 25. Rf2 Nd8 26. Ref1 Bg8 27. f5 gxf5 28. Nxf5 Be5+ 29. Kh1 Nf7 30. Nxh6 Nxh6 31. Rxf8 Rxf8 32. Rxf8 Qg7 33. Rf1 Be6 34. Ng5+ Kg8 35. Nxe6 Qe7 36. Qxh6 Bg7 37. Qxg7+ Qxg7 38. Nxg7 Kxg7 39. Bd5 Kg6 40. Kg2 Kg5 41. Kg3 Kg6 42. h4 Kg7 43. h5 a5 44. g5 a4 45. Rf7+ Kg8 46. h6 axb3 47. axb3 Kh8 48. g6 Kg8 49. Rf6+ Kh8 50. Rf8# 1-0


[Site "https://www.chess.com"]

[Event "Titled Tuesday Blitz April 11 Early 2023"]
[White "Budrewicz, Krzysztof"]
[Black "Qashashvili, Alexandre"]
[WhiteFideId "1127950"]
[BlackFideId "13600842"]
[WhiteElo "2230"]
[BlackElo "2405"]
[Result "1-0"]
[Round "02"]
[TimeControl "180+2"]
[Date "2023.04.11"]
[WhiteClock "0:01:43"]
[BlackClock "0:00:50"]

1. d4 c6 2. c4 d5 3. Nf3 Bf5 4. Nc3 e6 5. Bg5 Be7 6. Bxe7 Nxe7 7. e3 Nd7 8. Qb3 Qb6 9. Be2 Qxb3 10. axb3 O-O 11. O-O Nf6 12. Ne5 Ne4 13. Rfd1 a6 14. f3 Nxc3 15. bxc3 Ng6 16. Nd3 Bxd3 17. Bxd3 Rfe8 18. c5 e5 19. Kf2 e4 20. fxe4 dxe4 21. Bc4 Ne7 22. Ra4 Nd5 23. Bxd5 cxd5 24. Rb4 Re7 25. Rb6 Rd8 26. Ra1 Rc7 27. Ra4 f5 28. h4 g6 29. Kg3 Kg7 30. Kf4 Rdd7 31. Rab4 Kf7 32. Kg5 Kg7 33. h5 h6+ 34. Kf4 gxh5 35. Kxf5 Rf7+ 36. Ke5 Rcd7 37. Rd6 Rde7+ 38. Kxd5 Rf2 39. Rdb6 Rxg2 40. Rxb7 Rg5+ 41. Kc4 Rxb7 42. Rxb7+ Kf8 43. c6 Ke8 44. Rb8+ 1-0


[Site "https://www.chess.com"]

[Event "Titled Tuesday Blitz April 11 Early 2023"]
[White "Yelisieiev, Yevhenii"]
[Black "Alahakoon, Isuru"]
[WhiteFideId "14139642"]
[BlackFideId "9900993"]
[WhiteElo "2425"]
[BlackElo "1995"]
[Result "1-0"]
[Round "02"]
[TimeControl "180+2"]
[Date "2023.04.11"]
[WhiteClock "0:01:25"]
[BlackClock "0:00:16"]

1. Nf3 d5 2. b3 Nf6 3. Bb2 g6 4. g3 Bg7 5. Bg2 O-O 6. O-O c5 7. Ne5 Nc6 8. c4 d4 9. Nxc6 bxc6 10. Bxc6 Rb8 11. Bg2 e5 12. d3 Re8 13. Nd2 h5 14. h4 Bg4 15. Re1 Nd7 16. Ne4 Bf5 17. Nd6 Re6 18. Nxf5 gxf5 19. e4 f4 20. Qxh5 Rh6 21. Qf5 Rbb6 22. Bh3 Nf8 23. Qg5 Qc7 24. Bf5 Ne6 25. Qg4 fxg3 26. fxg3 Nf4 27. Qf3 Nh5 28. Bc1 Nxg3 29. Qxg3 Rhg6 30. Bxg6 Rxg6 31. Bg5 f6 32. Rf1 fxg5 33. h5 Rh6 34. Qg4 Kh7 35. Rf5 Qd6 36. Raf1 Qe6 37. Rxg5 Qxg4+ 38. Rxg4 Rxh5 39. Rf7 1-0


[Site "https://www.chess.com"]

[Event "Titled Tuesday Blitz April 11 Early 2023"]
[White "Kohler, Aran"]
[Black "Dushyant Sharma"]
[WhiteFideId "1002856"]
[BlackFideId "25065130"]
[WhiteElo "2291"]
[BlackElo "2198"]
[Result "1-0"]
[Round "02"]
[TimeControl "180+2"]
[Date "2023.04.11"]
[WhiteClock "0:00:04"]
[BlackClock "0:00:02"]

1. d4 d5 2. Nf3 e6 3. Bf4 Nf6 4. e3 Bd6 5. Bg3 O-O 6. Bd3 Ne4 7. Bxe4 dxe4 8. Nfd2 f5 9. Bxd6 cxd6 10. O-O Nc6 11. c3 d5 12. f4 exf3 13. gxf3 Qg5+ 14. Kh1 Qxe3 15. Na3 Bd7 16. Nc2 Qf4 17. Qe2 Rae8 18. Ne3 a6 19. Ng2 Qh6 20. f4 Ne7 21. Nb3 Bb5 22. Qe3 Bxf1 23. Rxf1 Nc8 24. Nc5 Nd6 25. Nd7 Rf7 26. Ne5 Rc7 27. Rg1 Ne4 28. Ne1 b5 29. a3 a5 30. N1d3 Rb8 31. Nf2 b4 32. Nxe4 fxe4 33. cxb4 axb4 34. a4 Rc2 35. Qg3 Rf8 36. a5 Rxf4 37. a6 Rff2 38. Ng4 Qf4 39. a7 Qxg4 40. a8=Q+ Kf7 41. Qb7+ Kf6 42. h3 Qxg3 43. Rxg3 Rf1+ 44. Rg1 Rxg1+ 45. Kxg1 h5 46. Qxb4 e3 47. Qe1 e2 48. Kf2 Rxb2 49. Qc3 Rd2 50. Qxd2 e5 51. Qxe2 1-0


[Site "https://www.chess.com"]

[Event "Titled Tuesday Blitz April 11 Early 2023"]
[White "Hnydiuk, Aleksander"]
[Black "Makhmudov, Shukhrat"]
[WhiteFideId "1109057"]
[BlackFideId "14200775"]
[WhiteElo "2374"]
[BlackElo "2135"]
[Result "1-0"]
[Round "02"]
[TimeControl "180+2"]
[Date "2023.04.11"]
[WhiteClock "0:00:36"]
[BlackClock "0:00:24"]

1. e4 e5 2. Nf3 Nc6 3. d4 exd4 4. Nxd4 Nf6 5. Nxc6 bxc6 6. Qe2 a5 7. Bg5 Be7 8. Nc3 O-O 9. O-O-O d6 10. e5 Nd5 11. Bxe7 Nxc3 12. Bxd8 Nxe2+ 13. Bxe2 Rxd8 14. exd6 cxd6 15. Bf3 d5 16. c4 Be6 17. cxd5 Bxd5 18. Bxd5 cxd5 19. Rd4 Rac8+ 20. Kb1 Kf8 21. Rc1 Rxc1+ 22. Kxc1 Ke7 23. Ra4 Ra8 24. Kd2 Rb8 25. Kc3 Rb5 26. b3 Kd6 27. Rh4 h6 28. Rf4 Ke6 29. h4 h5 30. Rf3 Rb4 31. g3 f6 32. a3 Re4 33. Kd3 Ke5 34. Re3 f5 35. f3 Rxe3+ 36. Kxe3 f4+ 37. gxf4+ Kf5 38. b4 axb4 39. axb4 d4+ 40. Kxd4 Kxf4 41. b5 g5 42. b6 gxh4 43. b7 Kxf3 44. b8=Q h3 45. Qh2 1-0


[Site "https://www.chess.com"]

[Event "Titled Tuesday Blitz April 11 Early 2023"]
[White "Jiganchine, Roman"]
[Black "Mortazavi, Ali"]
[WhiteFideId "2603667"]
[BlackFideId "401323"]
[WhiteElo "2288"]
[BlackElo "2339"]
[Result "0-1"]
[Round "02"]
[TimeControl "180+2"]
[Date "2023.04.11"]
[WhiteClock "0:00:02"]
[BlackClock "0:00:12"]

1. e4 c6 2. d4 d5 3. exd5 cxd5 4. Nf3 Nc6 5. c4 Nf6 6. Nc3 g6 7. cxd5 Nxd5 8. Qb3 Nxc3 9. Bc4 e6 10. bxc3 a6 11. Be2 Na5 12. Qc2 Qc7 13. O-O Bd6 14. Bh6 Bd7 15. c4 O-O-O 16. Bg7 Rhg8 17. Bf6 Rde8 18. Ne5 Nc6 19. Nxd7 Qxd7 20. Bf3 Be7 21. Be5 f6 22. Bxc6 Qxc6 23. Bg3 Rd8 24. d5 exd5 25. Rfe1 Bd6 26. Rac1 d4 27. Qd3 Bxg3 28. hxg3 f5 29. Re7 Rd7 30. Rce1 Rgd8 0-1


[Site "https://www.chess.com"]

[Event "Titled Tuesday Blitz April 11 Early 2023"]
[White "Fajdetic, Hrvoje"]
[Black "Goffredo_Fofi"]
[WhiteFideId "14501945"]
[WhiteElo "2185"]
[BlackElo "2516"]
[Result "1-0"]
[Round "02"]
[TimeControl "180+2"]
[Date "2023.04.11"]
[WhiteClock "0:00:13"]
[BlackClock "0:00:01"]

1. d4 Nf6 2. Bf4 g6 3. Nc3 d5 4. e3 Bg7 5. h4 h5 6. Nf3 O-O 7. Ne5 c5 8. Be2 Nc6 9. Qd2 Qa5 10. O-O-O Be6 11. Kb1 cxd4 12. exd4 Rac8 13. f3 Nd7 14. Nxd7 Bxd7 15. Bh6 Bxh6 16. Qxh6 Bf5 17. a3 b5 18. Bxb5 Nxd4 19. Rxd4 Rxc3 20. bxc3 Qxb5+ 21. Rb4 Qc5 22. g4 a5 23. gxf5 axb4 24. fxg6 fxg6 25. Qxg6+ Kh8 26. Qxh5+ Kg7 27. Qg4+ Kh7 28. Qxb4 Qf2 29. Qxe7+ Kg8 30. Qe6+ Kh8 31. Qxd5 Rb8+ 32. Ka1 Qb6 33. Qe5+ Kh7 34. Qe4+ Kh6 35. Qf4+ Kh7 36. Qb4 Qc7 37. Qe4+ 1-0


[Site "https://www.chess.com"]

[Event "Titled Tuesday Blitz April 11 Early 2023"]
[White "Miszler, Levente"]
[Black "Zampronha, Wladimir Camilo"]
[WhiteFideId "763276"]
[BlackFideId "2103087"]
[WhiteElo "2176"]
[BlackElo "2176"]
[Result "1/2-1/2"]
[Round "02"]
[TimeControl "180+2"]
[Date "2023.04.11"]
[WhiteClock "0:01:58"]
[BlackClock "0:01:12"]

1. Nf3 Nf6 2. c4 e6 3. g3 d5 4. Bg2 Be7 5. O-O O-O 6. d3 c5 7. a3 Nc6 8. Nbd2 d4 9. Rb1 a5 10. Ne1 e5 11. Nc2 Bg4 12. h3 Bh5 13. g4 Bg6 14. Ne4 Nxe4 15. dxe4 h5 16. Qd3 hxg4 17. hxg4 Bg5 18. b4 Bxc1 19. Rfxc1 axb4 20. axb4 cxb4 21. Nxb4 Nxb4 22. Rxb4 Qg5 23. Rcb1 Rfb8 24. Qg3 f6 25. Rxb7 Rxb7 26. Rxb7 Ra1+ 27. Kh2 Qh6+ 28. Qh3 Qf4+ 29. Qg3 Qh6+ 30. Qh3 Qf4+ 31. Qg3 Qh6+ 1/2-1/2


[Site "https://www.chess.com"]